 Dungeon Crawl Stone Soup version 0.19.4-8-ga85b6b9 (webtiles) character file.

2646 Gargoyl the Covered (level 9, 0/74 HPs)
             Began as a Ghoul Abyssal Knight on Feb 15, 2017.
             Was an Elder of Lugonu.
             Killed by a spatial distortion (4 damage)
             ... on level 7 of the Dungeon.
             The game lasted 00:18:41 (7285 turns).

Gargoyl the Covered (Ghoul Abyssal Knight)          Turns: 7285, Time: 00:18:41

Health: 0/74       AC: 20    Str: 15 (16) XL:     9   Next: 62%
Magic:  12/12      EV:  5    Int:  6 (7)  God:    Lugonu [****..]
Gold:   246        SH:  0    Dex:  9 (11) Spells: 0 memorised, 8 levels left

rFire  . . .     SeeInvis .     v - +2 war axe (vamp)
rCold  + + .     Gourm    .     f - +0 plate armour
rNeg   + + +     Faith    .     (no shield)
rPois  ∞         Spirit   .     w - +0 helmet
rElec  .         Reflect  .     u - +2 cloak
rCorr  .         Harm     .     (no gloves)
MR     +....                    o - +1 pair of boots
Stlth  ..........               (no amulet)
                                r - ring of protection from magic
                                l - ring of protection from cold

@: rotting
A: rotting body, claws 1, carnivore 3, cold resistance 1, negative energy
resistance 3, slow regeneration 1, torment resistance, unbreathing
a: Depart the Abyss, Bend Space, Banish, Corrupt, Renounce Religion


You were on level 7 of the Dungeon.
You worshipped Lugonu.
Lugonu was greatly pleased with you.
You were not hungry.

You visited 1 branch of the dungeon, and saw 7 of its levels.
You visited the Abyss 1 time.

You collected 302 gold pieces.
You spent 56 gold pieces at shops.

Inventory:

Hand Weapons
 a - a +1 hand axe
 e - a +3 double sword
 v - a +2 vampiric war axe (weapon)
Missiles
 g - 10 tomahawks (quivered)
Armour
 f - a +0 plate armour (worn)
 o - a +1 pair of boots (worn)
 u - a +2 cloak (worn)
 w - a +0 helmet (worn)
Jewellery
 h - an uncursed ring of flight
 l - a ring of protection from cold (left claw)
 r - a ring of protection from magic (right claw)
Wands
 p - a wand of digging (15/24)
 q - a wand of acid (7/15)
Scrolls
 d - a scroll of fear
 i - 3 scrolls of amnesia
 j - a scroll of remove curse
 k - 8 scrolls of identify
 t - 9 scrolls of teleportation
Books
 s - a book of Cantrips

   Spells                             Type                      Level
   a - Confusing Touch                Hexes                        1
   b - Animate Skeleton               Necromancy                   1
   c - Summon Small Mammal            Summoning                    1
   d - Apportation                    Translocation                1
 D - the Reference Book on Augmentations
   (You found it on level 4 of the Dungeon)

   Spells                             Type                      Level
   a - Repel Missiles                 Charms/Air                   2
   b - Swiftness                      Charms/Air                   2
   c - Shroud of Golubria             Charms/Translocation         2
   d - Ozocubu's Armour               Charms/Ice                   3
   e - Iskenderun's Battlesphere      Conjuration/Charms           5
Comestibles
 b - a slice of pizza
 c - 5 meat rations
 m - a beef jerky
 A - a royal jelly


   Skills:
 + Level 5.5 Fighting
 + Level 6.7 Long Blades
 + Level 2.9 Axes
 * Level 7.0 Armour
 + Level 1.4 Dodging
 * Level 6.0 Invocations


You had 8 spell levels left.
You didn't know any spells.

Dungeon Overview and Level Annotations

Branches:
Dungeon (7/15)             Temple (0/1) D:4

Altars:
Sif Muna
Yredelemnul

Shops:
D:5 *   D:6 %   D:7 :


Innate Abilities, Weirdness & Mutations

Your body is rotting away.
You thrive on raw meat.
You are immune to poison.
You have sharp fingernails.
You are carnivorous and can eat meat at any time.
Your flesh is cold resistant. (rC+)
You are immune to negative energy. (rN+++)
You regenerate slowly when monsters are visible.
You are immune to unholy pain and torment.
You can survive without breathing.


Message History

The slime creature hits you!
* * * LOW HITPOINT WARNING * * *
The slime creature hits you.
* * * LOW HITPOINT WARNING * * *
The slime creature closely misses you.
The slime creature hits you but does no damage.
The slime creature hits you.
* * * LOW HITPOINT WARNING * * *
The slime creature barely misses you.
The slime creature hits you but does no damage. x3
You feel better. The slime creature barely misses you.
The slime creature hits you.
* * * LOW HITPOINT WARNING * * *
The slime creature hits you.
* * * LOW HITPOINT WARNING * * *
The slime creature hits you but does no damage.
The slime creature hits you.
* * * LOW HITPOINT WARNING * * *
Space bends sharply around you!
The slime creature blinks! x2; You blink.
You die...

.<............#
........)[).
###...######..#
#.#####.#.## #.###
#..# .# #.#.#
#.########JJ####+#.#
#.#.#
#.##......§§.....J.#
..#y#
#.##.#####J§.......#
###.# #.##.#
#.........# #.##
#.##.# #.....J...#
#... #.##.#
#....@....# ####
#....# ###########
######


You could see 5 slime creatures.

Vanquished Creatures
  Prince Ribbit (D:6)
  Edmund (D:6)
  A water moccasin (D:7)
  A sky beast (D:5)
  An orc warrior (D:6)
  3 ogres
  3 phantoms
  A big kobold (D:7)
  A scorpion (D:4)
  4 killer bees
  A howler monkey (D:5)
  3 crimson imps
  6 orc priests
  4 jellies
  6 orc wizards
  A bullfrog skeleton (D:4)
  3 iguanas
  6 worker ants
  2 hound zombies
  A hound skeleton (D:7)
  12 adders
  7 gnolls
  2 oozes
  An adder zombie (D:6)
  5 adder skeletons
  3 worms
  4 dart slugs
  2 leopard geckos
  26 orcs
  2 ball pythons
  13 giant cockroaches
  10 goblins
  9 hobgoblins
  4 jackals
  4 quokkas
  3 bats
  A jackal skeleton (D:5)
  9 kobolds
  A rat (D:3)
168 creatures vanquished.

Notes
Turn   | Place    | Note
-------+----------+-------------------------------------------
     0 | Abyss:1  | Gargoyl the Ghoul Abyssal Knight began the quest for the Orb.
     0 | Abyss:1  | Reached XP level 1. HP: 19/19 MP: 1/1
    65 | Abyss:2  | Noticed a smoke demon
    65 | D:1      | Escaped the Abyss
   230 | D:1      | Reached skill level 2 in Armour
   230 | D:1      | Reached XP level 2. HP: 25/26 MP: 2/2
   339 | D:1      | Reached * piety under Lugonu
   491 | D:1      | Reached skill level 1 in Long Blades
   705 | D:1      | Reached XP level 3. HP: 31/31 MP: 3/3
  1052 | D:2      | Found a faded altar of an unknown god.
  1178 | D:2      | Reached XP level 4. HP: 5/40 MP: 4/4
  1873 | D:3      | Found a basalt altar of Yredelemnul.
  1971 | D:3      | Reached ** piety under Lugonu
  1971 | D:3      | Reached XP level 5. HP: 41/46 MP: 5/5
  2133 | D:3      | Reached skill level 3 in Armour
  2652 | D:3      | Reached XP level 6. HP: 51/52 MP: 7/7
  2961 | D:4      | Noticed a phantom
  3009 | D:4      | Killed a phantom
  3009 | D:4      | Reached skill level 4 in Armour
  3406 | D:4      | Noticed a phantom
  3414 | D:4      | Reached XP level 7. HP: 54/59 MP: 8/8
  3885 | D:4      | Found a staircase to the Ecumenical Temple.
  3891 | D:4      | Identified the Reference Book on Augmentations
  4097 | D:5      | Entered Level 5 of the Dungeon
  4224 | D:5      | Reached skill level 5 in Armour
  4656 | D:5      | Found Qeamutepyso's Assorted Antiques.
  4666 | D:5      | Bought a scroll labeled HAGGUT RUISEOPP for 28 gold pieces
  4666 | D:5      | Bought a scroll labeled XAOVIT SUFOCE for 28 gold pieces
  4757 | D:5      | Reached skill level 1 in Dodging
  4757 | D:5      | Reached XP level 8. HP: 58/67 MP: 10/10
  4819 | D:5      | Reached *** piety under Lugonu
  5376 | D:6      | Noticed Edmund
  5385 | D:6      | Killed Edmund
  5385 | D:6      | Reached skill level 5 in Invocations
  5456 | D:6      | Noticed Prince Ribbit
  5465 | D:6      | Reached skill level 5 in Long Blades
  5476 | D:6      | Killed Prince Ribbit
  5476 | D:6      | Reached skill level 5 in Fighting
  5476 | D:6      | Reached skill level 6 in Armour
  5565 | D:6      | Reached XP level 9. HP: 68/74 MP: 11/11
  5602 | D:6      | Got a crystal flail {drain}
  5733 | D:6      | Found Minamus's Food Shop.
  5734 | D:6      | Identified the cursed +1 flail "Nomua" {drain, rElec rPois Int+3} (You took it off an orc on level 6 of the Dungeon)
  5995 | D:6      | Reached **** piety under Lugonu
  6095 | D:6      | Found a deep blue altar of Sif Muna.
  6374 | D:7      | Got a pair of crude gloves
  6380 | D:7      | Identified the +0 pair of gloves of Conscience {-Tele rPois MR- Int+10} (You found it on level 7 of the Dungeon)
  6845 | D:7      | Found Iromusho's Book Shoppe.
  7239 | D:7      | Reached skill level 7 in Armour
  7285 | D:7      | Killed by a spatial distortion

Skill      XL: |  1  2  3  4  5  6  7  8  9 |
---------------+----------------------------+-----
Armour         | 2 3 4 5 6 7 |  7.0
Long Blades    | 1 2 3 5 6 |  6.7
Axes           | 2 |  2.9
Fighting       | 4 5 |  5.5
Invocations    | 3 4 5 6 |  6.0
Dodging        | 1 |  1.4

Action                   |  1- 3 |  4- 6 |  7- 9 || total
-------------------------+-------+-------+-------++-------
Melee: Double sword      |   149 |   152 |   406 ||   707
       Hand axe          |    11 |   101 |    46 ||   158
       War axe           |       |       |    11 ||    11
Invok: Depart the Abyss  |     1 |       |       ||     1
  Use: Scroll            |     1 |     1 |    22 ||    24
       Potion            |       |       |    12 ||    12
  Eat: Chunk             |    10 |    39 |    64 ||   113
Armor: Plate armour      |   212 |   267 |   549 ||  1028
Dodge: Dodged            |    44 |    82 |   151 ||   277
       Rpst.: Double sword |    19 |    24 |    39 ||    82
